 Dungeon Crawl Stone Soup version 0.24-a0-217-g1152973 (webtiles) character file.

Game seed: 13198722819692769130

49 Jimbo the Firebug (level 4, -4/30 HPs)
             Began as a Human Fire Elementalist on Mar 29, 2019.
             Slain by a worm (9 damage)
             ... on level 2 of the Dungeon.
             The game lasted 00:21:38 (2148 turns).

Jimbo the Firebug (Human Fire Elementalist)         Turns: 2148, Time: 00:21:38

Health: -4/30      AC:  3    Str:  9    XL:     4   Next: 1%
Magic:  2/7        EV: 12    Int: 16    God:
Gold:   59         SH:  0    Dex: 13    Spells: 6/7 levels left

rFire    . . .     SeeInvis .   e - +0 dagger
rCold    . . .     Gourm    .   (no shield)
rNeg     . . .     Faith    .   d - +0 robe
rPois    .         Spirit   .   (no helmet)
rElec    .         Reflect  .   a - +0 cloak
rCorr    .         Harm     .   (no gloves)
MR       .....                  (no boots)
Stlth    ++........             (no amulet)
HPRegen  0.10/turn              (no ring)
MPRegen  0.10/turn              (no ring)

@: very slightly contaminated
A: no striking features
a: no special abilities


You were on level 2 of the Dungeon.
You were very hungry.

You visited 1 branch of the dungeon, and saw 2 of its levels.

You collected 59 gold pieces.

Inventory:

Hand Weapons
 e - a +0 dagger (weapon)
 j - a +0 whip
Missiles
 g - 2 throwing nets (quivered)
 k - 44 stones
Armour
 a - a +0 cloak (worn)
 d - a +0 robe (worn)
 n - a +0 robe
Scrolls
 h - 2 scrolls of fear
 i - 2 scrolls of teleportation
 m - a scroll of magic mapping {unknown}
Potions
 f - a potion of curing {unknown}
 o - 3 potions of lignification {unknown}
Comestibles
 b - a ration


   Skills:
 + Level 0.2 Fighting
 + Level 2.1 Dodging
 + Level 2.5 Stealth
 + Level 2.3 Spellcasting
 + Level 1.4 Conjurations
 + Level 3.6 Fire Magic


You had 6 spell levels left.
You knew the following spells:

 Your Spells              Type           Power        Failure   Level  Hunger
a - Flame Tongue          Conj/Fire      ##...        7%          1    #......

Your spell library contained the following spells:

 Spells                   Type           Power        Failure   Level  Hunger
 Throw Flame              Conj/Fire      ##....       11%         2    ###....
 Conjure Flame            Conj/Fire      ##......     22%         3    ###....
 Inner Flame              Hex/Fire       #.......     28%         3    ###....
 Sticky Flame             Conj/Fire      ##......     56%         4    #####..
 Fireball                 Conj/Fire      ##........   89%         5    ######.


Dungeon Overview and Level Annotations

Branches:
Dungeon (2/15)

Altars:


Message History

You barely miss the worm.
The worm is severely wounded.
You completely miss the worm.
The worm is severely wounded.
The worm barely misses you.
You hit the worm but do no damage.
The worm is severely wounded.
You hit the worm.
The worm is severely wounded.
The worm barely misses you.
You hit the worm.
The worm is severely wounded.
The worm barely misses you.
You hit the worm but do no damage.
The worm is severely wounded.
You are feeling very hungry.
You completely miss the worm.
The worm is severely wounded.
The worm bites you!
You die...

############
##.......(..#
##............
#.............
#..(..........
#.............
#..........%..
########
#.....@w......
#......#
##............
#......#
#...........#
#......#
###.#########.#
#......###...#
#
#.......##.###
#..........#
#..........#
#.......##.#


You could see a worm.

Vanquished Creatures
  2 adders (D:2)
  A leopard gecko (D:1)
  3 giant cockroaches
  5 goblins
  4 hobgoblins
  A quokka (D:2)
  4 bats
  A frilled lizard (D:1)
  2 kobolds (D:1)
  5 rats
28 creatures vanquished.

Notes
Turn   | Place    | Note
-------+----------+-------------------------------------------
     0 | D:1      | Jimbo the Human Fire Elementalist began the quest for the
                  | Orb.
     0 | D:1      | Reached XP level 1. HP: 13/13 MP: 3/3
   850 | D:1      | Reached XP level 2. HP: 19/19 MP: 0/5
  1785 | D:2      | Reached XP level 3. HP: 24/24 MP: 2/6
  2112 | D:2      | Reached XP level 4. HP: 24/30 MP: 2/7
  2148 | D:2      | Slain by a worm

Levels and vault maps discovered:
D:1:      elethiomel_arrival_maze, layout_basic, minmay_crystal_water,
          minmay_tiny_reverse_x
D:2:      layout_rooms

Action                   |  1- 3 |  4- 6 || total
-------------------------+-------+-------++-------
Melee: Dagger            |    35 |    14 ||    49
       Unarmed           |     3 |       ||     3
 Cast: Flame Tongue      |    42 |     4 ||    46
  Use: Scroll            |     5 |       ||     5
  Eat: Ration            |     1 |       ||     1
Armor: Robe              |     7 |       ||     7
Dodge: Dodged            |    19 |     5 ||    24

Table legend:
 A = Non-vault XP
 B = Vault XP
 C = Vault XP percentage of total XP
 D = Non-vault monster count
 E = Vault monster count
 F = Vault count percentage of total count
                 A         B        C        D         E       F
            +---------+---------+-------+---------+---------+-------
      Total |      66 |       4 |   5.7 |      26 |       2 |   7.1
            +---------+---------+-------+---------+---------+-------
        D:1 |      24 |       4 |  14.3 |      14 |       2 |  12.5
        D:2 |      42 |       0 |   0.0 |      12 |       0 |   0.0
            +---------+---------+-------+---------+---------+-------
